Cogmind - Beta 11 X7 @@@ ROGUE MODE // 2021.09.08 @ 18:19:37 Player: Vectis Result: Self-destructed Performance ------------- Evolutions (1) 500 Regions Visited (3) 600 Robots Destroyed (46) 230 Value Destroyed (848) 848 Prototype IDs (6) 120 Alien Tech Used (0) 0 Bonus (-43) -43 TOTAL SCORE: 2255 Bonus ------- Follower Combat Kills 226 Friendly Fire -269 Cogmind --------- Core Integrity 400/400 Matter 300/300 Energy 280/280 System Corruption 0% Temperature Cool (0) Movement Treading (360) Ox2 Location -9/Materials Parts ------- > --- POWER (1) -------- Cooled Ion Engine > --- PROPULSION (2) --- Light Treads Light Treads > --- UTILITY (4) ------ Huge Storage Unit Light Armor Plating Light Armor Plating Light Armor Plating > --- WEAPON (2) ------- Improved Assault Rifle Improved Assault Rifle > --- INVENTORY (25) --- Improved Ion Engine Light Angular Momentum Engine Light Treads Light Treads Light Treads Light Treads Light Treads Light Treads Improved Treads Improved Heat Sink Improved Heat Sink Hardened Light Armor Plating Hacking Suite Trap Extractor Beamcaster Beamcaster Advanced Beam Cannon Advanced Beam Cannon Advanced Beam Cannon Ion Cannon Improved Assault Rifle Grenade Launcher Mini Grenade Launcher Mini Grenade Launcher Improved Datajack Peak State ------------ > --- POWER ------------ Cooled Ion Engine > --- PROPULSION ------- Light Treads Light Treads > --- UTILITY ---------- Improved Heat Sink Huge Storage Unit Light Armor Plating Light Armor Plating > --- WEAPON ----------- Beamcaster Heavy Particle Cannon > --- INVENTORY -------- Ion Engine Light Nuclear Core Light Treads Light Treads Light Treads Light Treads Improved Treads Wheel Improved Heat Sink High-capacity Storage Unit Transport Network Coupler Light Armor Plating Hardened Light Armor Plating Hacking Suite Trap Extractor Beam Cannon Ion Cannon Light Assault Rifle Light Assault Rifle Light Assault Rifle Improved Assault Rifle Grenade Launcher Mini Grenade Launcher Improved Datajack Mining Laser [Rating: 23] Favorites ----------- Power Ion Engine Engine Ion Engine Propulsion Light Treads Treads Light Treads Leg Aluminum Leg Utility Huge Storage Unit Device Improved Heat Sink Storage Huge Storage Unit Processor Signal Interpreter Protection Light Armor Plating Weapon Light Assault Rifle Energy Gun Medium Laser Energy Cannon Beam Cannon Ballistic Gun Light Assault Rifle Launcher Grenade Launcher Special Weapon Mining Laser Build | -11 -10 -10 -9 ------- Run | Scr Mat Min Mat Slots Evolved 2 | . . . 2 Power . | . . . . Propulsion . | . . . . Utility 2 | . . . 2 Weapon . | . . . . Parts Attached 48 | 2 24 6 16 Power 4 | . 3 . 1 Engine 4 | . 3 . 1 Core . | . . . . Reactor . | . . . . Propulsion 8 | 2 2 . 4 Treads 8 | 2 2 . 4 Leg . | . . . . Wheel . | . . . . Hover . | . . . . Flight . | . . . . Utility 9 | . 3 1 5 Device 2 | . 1 . 1 Storage 2 | . 2 . . Processor 1 | . . . 1 Hackware . | . . . . Protection 4 | . . 1 3 Artifact . | . . . . Weapon 27 | . 16 5 6 Energy Gun 8 | . 7 . 1 Energy Cannon 2 | . 1 . 1 Ballistic Gun 10 | . 3 4 3 Ballistic Cannon . | . . . . Launcher 2 | . . 1 1 Special Weapon 5 | . 5 . . Impact Weapon . | . . . . Slashing Weapon . | . . . . Piercing Weapon . | . . . . Special Melee Weapon . | . . . . Unidentified Prototypes 2 | . . . 2 Parts Lost 2 | . 2 . . Power 1 | . 1 . . Propulsion . | . . . . Utility . | . . . . Weapon 1 | . 1 . . Highest Loss Streak 1 | . 1 . . Average Slot Usage (%) 99 | . 98 99 100 Engine 13 | . 13 14 11 Treads 26 | . 27 28 22 Device 8 | . 13 . 5 Storage 13 | . 14 14 11 Protection 8 | . . 13 26 Energy Gun 7 | . 11 . 5 Energy Cannon 5 | . 8 . 5 Ballistic Gun 12 | . 5 27 10 Naked Turns . | . . . . Heaviest Build 106 | 13 91 90 106 Greatest Support 40 | 40 40 40 40 Greatest Overweight (x) 4 | . 4 4 2 Average Overweight (x) 2 | . 1 2 2 Largest Inventory Capacity 25 | 8 25 25 25 Average Capacity 24 | 8 24 25 25 Most Carried 25 | 7 25 25 25 Average Carried 22 | 6 19 24 24 Final Capacity 25 | 8 25 25 25 Final Carried 25 | 6 22 25 25 Class Distribution -------------------- 97% | Mutant Dominant Class ---------------- Mutant | -10/Materials Mutant | -10/Mines Mutant | -9/Materials Resources | -11 -10 -10 -9 ----------- Run | Scr Mat Min Mat Matter Collected 893 | 193 261 127 312 Remotely . | . . . . Salvage Created 1788 | . 848 337 603 Parts 101 | . 48 20 33 Haulers Intercepted 4 | . 2 . 2 Recyclers Shooed 5 | . 1 . 4 Parts Field Recycled . | . . . . Retrieved Matter . | . . . . Parts Self-Destructed . | . . . . Prevented . | . . . . Kills | -11 -10 -10 -9 ------- Run | Scr Mat Min Mat Combat Hostiles Destroyed 23 | . 15 1 7 Guns 15 | . 11 . 4 Cannons 4 | . 4 . . AOE 4 | . . 1 3 Classes Destroyed 9 | . 7 . 2 Worker 2 | . 1 . 1 Builder 4 | . 2 1 1 Hauler 4 | . 2 . 2 Recycler 8 | . 1 3 4 Operator 1 | . 1 . . Watcher 2 | . 1 . 1 Swarmer 5 | . . . 5 Grunt 17 | . 15 1 1 Sentry 1 | . . . 1 Thug 2 | . . 2 . Best Kill Streak 4 | . 3 1 4 Combat Bots Only 4 | . 3 1 4 Max Kills in Single Turn 2 | . 1 1 2 Gunslinging . | . . . . Exploded 2 | . . 1 2 Melee . | . . . . Uniques/NPCs Destroyed . | . . . . Combat | -11 -10 -10 -9 -------- Run | Scr Mat Min Mat Damage Taken 1003 | . 698 42 263 Core 120 | . 104 16 . Absorbed by Shields . | . . . . Core Remaining (%) 76 | 100 . 52 . Volleys Fired 131 | . 87 15 29 Largest 2 | . 2 2 2 Hottest 150 | . 110 50 150 Shots Fired 237 | . 153 29 55 Gun 197 | . 122 27 48 Cannon 24 | . 19 . 5 Launcher 4 | . . 2 2 Special 12 | . 12 . . Kinetic 99 | . 28 27 44 Thermal 115 | . 106 . 9 Explosive 4 | . . 2 2 Electromagnetic 19 | . 19 . . Robot Hit Streak 19 | . 19 17 9 Robot Miss Streak 7 | . 7 2 3 Penetration Max . | . . . . Secondary Targets 1 | . 1 . . Max Gunslinging Chain 1 | . 1 . . Shots Hit Robots 152 | . 101 19 32 Core Hits 77 | . 46 14 17 Critical Kills . | . . . . Critical Parts Destroyed . | . . . . Critical Strikes 4 | . 4 . . Burn 3 | . 3 . . Corrupt 1 | . 1 . . Melee Attacks . | . . . . Impact . | . . . . Slashing . | . . . . Piercing . | . . . . Sneak Attacks . | . . . . Combat Hostiles . | . . . . Follow-up Attacks . | . . . . Damage Inflicted 2394 | . 1333 284 777 Guns 1707 | . 1043 166 498 Cannons 269 | . 192 . 77 Explosions 296 | . 36 86 174 Melee . | . . . . Ramming 122 | . 62 32 28 Kinetic 808 | . 167 166 475 Thermal 991 | . 891 . 100 Explosive 260 | . . 86 174 Electromagnetic 213 | . 213 . . Impact . | . . . . Slashing . | . . . . Piercing . | . . . . Highest Corruption . | . . . . Average Corruption . | . . . . Corruption Purged . | . . . . Overload Shots . | . . . . Overflow Damage 7 | . . . 7 Projectiles . | . . . . Explosions 7 | . . . 7 Melee . | . . . . Knockbacks . | . . . . Impact . | . . . . Kinetic . | . . . . Secondary . | . . . . Self-Inflicted Damage 31 | . 31 . . Shots 1 | . 1 . . Rammed 24 | . 13 9 2 Targets Rammed 32 | . 16 13 3 Kicked . | . . . . Crushed 8 | . 3 4 1 Highest Temperature 213 | . 213 25 102 Average Temperature 31 | . 38 7 29 Received Heat Transfer 468 | . 342 24 102 Siege Activations . | . . . . Robots Corrupted . | . . . . Combat Hostiles . | . . . . Parts Fried 1 | . 1 . . Impact Corruptions . | . . . . Robots Melted . | . . . . Combat Hostiles . | . . . . Parts Melted 4 | . 3 . 1 Heat Transferred 2706 | . 2558 . 148 Parts Sabotaged . | . . . . Parts Stolen . | . . . . Parts Stripped . | . . . . Power Chain Reactions 1 | . 1 . . Missiles Intercepted . | . . . . Alert | -11 -10 -10 -9 ------- Run | Scr Mat Min Mat Peak Influence 203 | . 202 105 203 Initial 45 | . . 45 1 Average 38 | . 39 15 73 Maximum Alert Level 1 | . 1 . 1 Low Security (%) 99 | 100 99 100 96 Level 1 . | . . . 3 Level 2 . | . . . . Level 3 . | . . . . Level 4 . | . . . . Level 5 . | . . . . High Security . | . . . . Max Security . | . . . . Squads Dispatched 8 | . 4 2 2 Investigation 4 | . 2 1 1 Extermination . | . . . . Reinforcement 3 | . 2 . 1 Assault 1 | . . 1 . Garrison . | . . . . Intercept . | . . . . Construction Impeded . | . . . . Haulers Reinforced . | . . . . Active Scanning Responses . | . . . . Cargo Convoy Interrupts . | . . . . Stealth | -11 -10 -10 -9 --------- Run | Scr Mat Min Mat Distress Signals 5 | . 3 . 2 Communications Jammed . | . . . . Distress Signals . | . . . . Times Spotted 80 | . 53 5 22 Peak Tracking Total 6 | . 5 4 6 Tactical Retreats . | . . . . Traps | -11 -10 -10 -9 ------- Run | Scr Mat Min Mat Traps Triggered 2 | . 1 . 1 Indirectly . | . . . . Trap Hack Attempts . | . . . . Triggered . | . . . . Disarmed . | . . . . Reprogrammed . | . . . . Reused . | . . . . Traps Extracted . | . . . . Installed . | . . . . Triggered . | . . . . Machines | -11 -10 -10 -9 ---------- Run | Scr Mat Min Mat Machines Disabled 1 | . 1 . . Max in Single Turn 1 | . 1 . . Machines Sabotaged . | . . . . Garrisons Compromised . | . . . . Overloaded Fab Kills . | . . . . Fab Network Shutdowns . | . . . . Hacking | -11 -10 -10 -9 --------- Run | Scr Mat Min Mat Machines Accessed 11 | . 7 1 3 Terminals 8 | . 5 . 3 Fabricators . | . . . . Repair Stations 1 | . 1 . . Recycling Units 1 | . 1 . . Scanalyzers . | . . . . Garrison Access . | . . . . Total Hacks 38 | . 30 1 7 Successful 24 | . 20 1 3 Failed 14 | . 10 . 4 Catastrophic 2 | . 1 . 1 Database Lockouts . | . . . . Manual 27 | . 20 . 7 Terminals 32 | . 25 . 7 Fabricators . | . . . . Repair Stations 4 | . 4 . . Recycling Units 1 | . 1 . . Scanalyzers . | . . . . Garrison Access . | . . . . Terminal Hacks 9 | . 7 1 1 Part Schematic 1 | . 1 . . Robot Schematic 1 | . 1 . . Robot Analysis 2 | . 2 . . Prototype ID Bank 2 | . 2 . . Open Door 1 | . . 1 . Branch Access Points 1 | . . . 1 Hauler Manifests 1 | . 1 . . Fabricator Hacks . | . . . . Repair Station Hacks 4 | . 4 . . Scan Component 2 | . 2 . . Repair 2 | . 2 . . Recycling Unit Hacks . | . . . . Scanalyzer . | . . . . Garrison Access Hacks . | . . . . Unauthorized Hacks 11 | . 9 . 2 Terminals 10 | . 8 . 2 Track 1 | . 1 . . Assimilate 1 | . 1 . . Botnet 5 | . 3 . 2 Disrupt 2 | . 2 . . Operators 1 | . 1 . . Fabricators . | . . . . Repair Stations . | . . . . Recycling Units 1 | . 1 . . Tunnel 1 | . 1 . . Scanalyzers . | . . . . Garrison Access . | . . . . Data Cores Recovered . | . . . . Used . | . . . . Hacking Detections 9 | . 6 . 3 Full Trace Events 2 | . 1 . 1 Feedback Events . | . . . . Feedback Blocked . | . . . . Robot Schematics Acquired 1 | . 1 . . Robots Built . | . . . . Matter . | . . . . Time . | . . . . Total Robot Build Rating . | . . . . Part Schematics Acquired 1 | . 1 . . Parts Built . | . . . . Matter . | . . . . Time . | . . . . Total Part Build Rating . | . . . . Parts Repaired 2 | . 2 . . Time 52 | . 52 . . Parts Recycled . | . . . . Recycled Matter . | . . . . Retrieved Matter . | . . . . Retrieved Components . | . . . . Parts Scanalyzed . | . . . . Part Schematics Acquired . | . . . . Parts Damaged . | . . . . Bothacking | -11 -10 -10 -9 ------------ Run | Scr Mat Min Mat Used RIF Installer . | . . . . Robots Hacked . | . . . . Non-combat . | . . . . Combat . | . . . . Robot Hacks Applied . | . . . . Relay Couplers Released . | . . . . Robots Rewired . | . . . . Allies Hacked . | . . . . Hacks Repelled . | . . . . Allies | -11 -10 -10 -9 -------- Run | Scr Mat Min Mat Total Allies 1 | . . 1 . Largest Group 1 | . . 1 1 Highest-Rated Group 31 | . . 31 31 Highest-Rated Ally 31 | . . 31 31 Total Orders . | . . . . Ally Attacks 13 | . . 5 8 Total Damage 233 | . . 105 128 Kills 8 | . . 3 5 Allies Corrupted . | . . . . Allies Melted . | . . . . Intel | -11 -10 -10 -9 ------- Run | Scr Mat Min Mat Robot Analysis Total 2 | . 2 . . Derelict Logs Recovered 2 | . . 2 . Drone Launches . | . . . . Drone Recoveries . | . . . . Exploration | -11 -10 -10 -9 ------------- Run | Scr Mat Min Mat Turns Passed 10481 | 7 5496 3022 1956 Spaces Moved 2482 | 3 1226 762 491 Core . | . . . . Treads 2482 | 3 1226 762 491 Legs . | . . . . Wheels . | . . . . Hover . | . . . . Flight . | . . . . Fastest Speed 160 | 160 160 360 360 Average Speed 361 | 160 351 379 360 Slowest Speed 560 | 160 560 560 360 Overloaded Moves . | . . . . Propulsion Burnouts . | . . . . Robots Hopped . | . . . . Cave-ins Triggered . | . . . . Exploration Rate (%) 58 | 2 99 99 35 Regions Visited 3 Branch Regions 1 Pre-discovered Areas 3 | . 1 2 . Known Exits Taken . | . . . . Unknown Exits Taken 3 | 1 1 1 . Scrap Searched 2 | . . 2 . Spaces Dug 12 | . 12 . . Terrain Destroyed 46 | . 17 18 11 Melee . | . . . . Projectile 14 | . 12 . 2 AOE 32 | . 5 18 9 Terrain Rammed . | . . . . Walls Destroyed . | . . . . Machines Disabled . | . . . . Actions | -11 -10 -10 -9 --------- Run | Scr Mat Min Mat Total 3660 | 6 2199 826 629 Wait 855 | . 805 4 46 Move 2479 | 2 1225 761 491 Hop . | . . . . Pick Up 62 | . 28 14 20 Fast Attach 8 | . 4 2 2 Attach 12 | 2 5 2 3 Detach 2 | 2 . . . Swap 28 | . 15 2 11 Drop 51 | . 14 13 24 Fire 131 | . 87 15 29 Melee . | . . . . Ram . | . . . . Kick . | . . . . Crush 32 | . 16 13 3 Escape Stasis . | . . . . Rewire . | . . . . Trap . | . . . . Miscellaneous . | . . . . Route ------- -11/Scrapyard -10/Materials (discovered 4 exits: *Mat x3 / *Min) -10/Mines (discovered 3 exits: *Mat x2 / [*Exi]) -9/Materials (discovered 2 exits: *Mat / *Min) History --------- Turn | Location | Event 4 | -11/Scrapyard | Discovered new exit (range 3) 8 | -11/Scrapyard | Entered Materials 307 | -10/Materials | Build established: Mutant 1392 | -10/Materials | Discovered new exit (range 14) 2906 | -10/Materials | Discovered new exit (range 15) 3806 | -10/Materials | Discovered new exit (range 5) 4984 | -10/Materials | Repaired Lgt. Treads 5011 | -10/Materials | Repaired Lgt. Treads 5455 | -10/Materials | Discovered new exit (range 6) 5504 | -10/Materials | Entered Mines 5517 | -10/Mines | Met a Derelict bent on vengeance 5605 | -10/Mines | Joined a pair of Derelicts in attacking an 0b10 outpost 5609 | -10/Mines | Discovered new exit (range 15) 6193 | -10/Mines | Met a Derelict shopkeep closing up shop 7127 | -10/Mines | Learned location of Mines (-9) 7183 | -10/Mines | Discovered new exit (range 9) 7390 | -10/Mines | Met a Derelict testing a Signal Generator 7867 | -10/Mines | Deemed a non-threat by the Exiles lab entrance 7867 | -10/Mines | Discovered new exit (range 5) 8526 | -10/Mines | Entered Materials 8526 | -9/Materials | Accompanied by 1 ally 8526 | -9/Materials | Evolved 2 slots: Utility x2 9617 | -9/Materials | Discovered new exit (range 12) 9872 | -9/Materials | Discovered new exit (range 14) 10192 | -9/Materials | Identified exit to Materials 10482 | -9/Materials | Identified exit to Mines 10482 | -9/Materials | Self-destructed Last Messages --------------- 10056_ W-16 Scout destroyed. 10068_ Critical hit (Burn: +37). 10070_ Y-45 Defender destroyed. 10080_ Dropped Lgt. Armor Plating. 10081_ Acquired Signal Interpreter. 10082_ Acquired 28 matter. 10090_ Dropped Lgt. Treads. 10091_ Acquired 10 matter. 10131_ K-01 Serf collects debris. 10145_ R-06 Scavenger collects Lgt. Treads. 10192_ EXIT=IDENTIFIED: MATERIALS 10235_ Discarded Signal Interpreter. 10244_ Acquired 10 matter. 10287_ Slammed into K-01 Serf. 10309_ Acquired Mni. Grenade Launcher. 10482_ Connecting with Terminal... >>Access(Branch) Found 1 branch access point: (50,49) Mines Map updated. Map ----- +----------------------------------------------------+ | # % ###############+######= | | + # ##########+##########???????? ????## | | # #! !#???# = #?????????? ????# | | # #! !#???# % #??????????""" ???# | | # ##!!!!##??# """"" * "#???????????"""???# = | | # #######???## """"" T#???????????""" ?##|% | | # #??????????# """"" "#???????????""" ## [ | | # #??????????# #????????????????# | | # ##########?###############????????????????# | | # # ^^ #?# ?????????????????????????# | | # # #?#/ ????????????????????????# | | # # """^ #?# ?#######????????????????#### | | # # """"" #?# []] # ##################??# | | # + """"" #?# !]] # #?# | | # # """"" ???# ]]] + # | | # # """ ???# # | # | | # # ????# """ # ############## + | | # # ???# """ ?## ##????????????# # | | # #########??? """ ??# #?????????????# *=#### | | # #??????????? ???# #?????????????# !%#### | | # #??????????######???# #?????????????# [ % | | # #???????????????????# #?????????????# ! | | + #???????????????????# #?????????????# % | | # #???????????######?## ##????????????####+### | | # #???????????# # ###+####??????# | | # #???????????#""" # @ g #??????# | | #####???????????#""" + T +??????# !!! | | #???????????????#""" # #??????# !! | | ????????????????# # ###+####??????# !! | | ????????????????# ?#######?????????????# | | ????????????????######?????????????????????####### | | ?????????????????????????????????????????????????? | | ?????????????????????????????????????????????????? | | ?????????????????????????????????????????????????? | | ?????????????????????????????????????????????????? | | ?????????????????????????????????????????????????? | | ?????????????????????????????????????????????????? | | | | | | | | | | | | | | | | | | | | | | | | | | | +----------------------------------------------------+ Best States ------------- Heat Dissipation 42 Energy Generation 14 Energy Capacity 280 Matter Stores 300 Matter Capacity 300 Sight Range 16 Terrain Scan Density 10 Armor Coverage 450 Evasion (%) 40 Recoil Reduction 2 Item Schematics ----------------- Cargo Storage Unit | -10/Materials | Hacked Robot Schematics ------------------ M-13 Machinist | -10/Materials | Hacked Fabricated ------------ Nothing Alien Tech Used ----------------- None Achievements -------------- None Challenges ------------ None Game ------ Seed SpectralGrenadePerforator Manual? 0 Play Time 00:35:57 Cumulative 297.1 hours Start 2021.09.08 @ 17:28:15 End 2021.09.08 @ 18:19:37 Sessions 1 Manual Loads 0 Difficulty Rogue Special Mode None Game No. 131 Rogue 131 Adventurer 0 Explorer 0 Win Type - Total 12 Types 10/0/0/1/0/1/0/0/0 Lore% 84 Gallery% 86 Achievement% 76 Wizard Run 0 Options --------- ASCII 0 Keyboard 0 Movement Numpad Keybinds 0 Fullscreen 2 Font 18/Smallcaps Map View 76x50 Tactical HUD 1 Map Filters NONE Filters NONE Steam 1 RUN: d53d9f92-8d84-477d-9d29-3e002669474a